 Dungeon Crawl Stone Soup version 0.27-a0-1301-g128193abf8 (webtiles) character file.

Game seed: 13436422622866516918

54 Johnny the Digger (level 3, 0/21 HPs)
             Began as a Deep Elf Earth Elementalist on June 17, 2021.
             Slain by Robin (8 damage)
             ... on level 2 of the Dungeon.
             The game lasted 00:01:46 (2505 turns).

Johnny the Digger (Deep Elf Earth Elementalist)     Turns: 2505, Time: 00:01:47

Health: 0/21       AC:  3    Str:  5    XL:     3   Next: 66%
Magic:  4/10       EV: 12    Int: 20    God:
Gold:   80         SH:  0    Dex: 15    Spells: 5/9 levels left

rFire    . . .     SeeInvis .   d - +0 falchion
rCold    . . .     Faith    .   (no shield)
rNeg     . . .     Spirit   .   b - +0 robe
rPois    .         Reflect  .   g - +0 helmet
rElec    .         Harm     .   (no cloak)
rCorr    .         Rampage  .   (no gloves)
Will     .....                  (no boots)
Stlth    ++........             a - amulet of the acrobat
HPRegen  0.07/turn              (no ring)
MPRegen  0.12/turn              (no ring)

@: no status effects
A: no striking features
a: no special abilities


You were on level 2 of the Dungeon.
You visited 1 branch of the dungeon, and saw 2 of its levels.

You collected 80 gold pieces.

Inventory:

Hand Weapons
 d - a +0 falchion (weapon)
 i - a +0 flail of distortion
Missiles
 c - 6 stones
Armour
 b - a +0 robe (worn)
 g - a +0 helmet (worn)
Jewellery
 a - an amulet of the acrobat (around neck)
 k - a ring of ice
Scrolls
 f - 3 scrolls of identify {unknown}
 h - a scroll of immolation {unknown}
 l - a scroll of amnesia {unknown}
Potions
 e - a potion of heal wounds {unknown}
 j - a potion of curing {unknown}


   Skills:
 * Level 1.8 Fighting
 - Level 2.4 Dodging
 - Level 2.4 Stealth
 + Level 3.8 Spellcasting
 - Level 1.1 Transmutations
 + Level 3.8 Earth Magic


You had 5 spell levels left.
You knew the following spells:

 Your Spells              Type           Power      Damage    Failure   Level
a - Sandblast             Erth           38%        2d10      2%          1
b - Stone Arrow           Conj/Erth      22%        3d8       19%         3

Your spell library contained the following spells:

 Spells                   Type           Power      Damage    Failure   Level
 Passwall                 Tmut/Erth      10%        N/A       7%          2
 Petrify                  Tmut/Erth      13%        N/A       43%         4
 Lee's Rapid Deconstruct  Erth           9%         3d8*      58%         5


Dungeon Overview and Level Annotations

Branches:
Dungeon (2/15)

Altars:

Annotations:
D:2 Robin


Message History

Confirm with . or Enter, or press ? or * to list all spells.
Aiming: Sandblast (safe; 2% risk of failure)
Press: ? - help, Shift-Dir - straight line, f/p - Robin
Aim: Robin, wielding a +0 spear, wearing a +0 animal skin and wearing a +0 helmet (moderately wounded, 85% to hit)
The blast of sand hits Robin but does no damage.
Robin is moderately wounded.
Robin hits you from afar with a +0 spear.
Casting: Sandblast (safe; 2% risk of failure)
Confirm with . or Enter, or press ? or * to list all spells.
Aiming: Sandblast (safe; 2% risk of failure)
Press: ? - help, Shift-Dir - straight line, f/p - Robin
Aim: Robin, wielding a +0 spear, wearing a +0 animal skin and wearing a +0 helmet (moderately wounded, 85% to hit)
The blast of sand hits Robin.
Robin is heavily wounded.
Robin hits you from afar with a +0 spear.
Casting: Sandblast (safe; 2% risk of failure)
Confirm with . or Enter, or press ? or * to list all spells.
Aiming: Sandblast (safe; 2% risk of failure)
Press: ? - help, Shift-Dir - straight line, f/p - Robin
Aim: Robin, wielding a +0 spear, wearing a +0 animal skin and wearing a +0 helmet (heavily wounded, 85% to hit)
The blast of sand hits Robin.
Robin is heavily wounded.
Robin closely misses you.
Casting: Sandblast (safe; 2% risk of failure)
Confirm with . or Enter, or press ? or * to list all spells.
Aiming: Sandblast (safe; 2% risk of failure)
Press: ? - help, Shift-Dir - straight line, f/p - Robin
Aim: Robin, wielding a +0 spear, wearing a +0 animal skin and wearing a +0 helmet (heavily wounded, 85% to hit)
The blast of sand hits Robin.
Robin is severely wounded.
Robin hits you from afar with a +0 spear.
Casting: Sandblast (safe; 2% risk of failure)
Confirm with . or Enter, or press ? or * to list all spells.
Aiming: Sandblast (safe; 2% risk of failure)
Press: ? - help, Shift-Dir - straight line, f/p - Robin
Aim: Robin, wielding a +0 spear, wearing a +0 animal skin and wearing a +0 helmet (severely wounded, 85% to hit)
The blast of sand hits Robin.
Robin is severely wounded.
Robin hits you from afar with a +0 spear!
You die...

#.).....# .# #.......# .#
##.......# .# ...........
.# #
####.###.###♣♣♣♣♣###.#.#
...................#.#.#
..............##.#.)†..#
####.###.#.##.##.....#.#
..............g.@......##
........................#
.)...###.#..#.####.###.##
........................#
####.###.#..#.####.###.##
.......................#
...#.#.####.#.####.#####
...#.#.# #.........####
...#.#.###..#.####.##.#


You could see Robin.

Vanquished Creatures
  2 worms (D:2)
  A dart slug (D:1)
  A ball python (D:1)
  An endoplasm (D:2)
  5 giant cockroaches
  12 goblins (D:2)
  5 hobgoblins
  3 jackals (D:1)
  2 quokkas
  2 frilled lizards
  4 kobolds
38 creatures vanquished.

Notes
Turn   | Place    | Note
-------+----------+-------------------------------------------
     0 | D:1      | Johnny the Deep Elf Earth Elementalist began the quest for
                  | the Orb.
     0 | D:1      | Reached XP level 1. HP: 10/10 MP: 6/6
     6 | D:1      | Noticed a salamander
     6 | D:1      | Noticed a wolf
     7 | D:1      | Noticed a wyvern
     7 | D:1      | Noticed a killer bee
   346 | D:1      | Reached XP level 2. HP: 15/16 MP: 4/8
   350 | D:1      | Reached skill level 1 in Fighting
   741 | D:1      | Found a faded altar of an unknown god.
  1310 | D:2      | Noticed Robin
  1330 | D:2      | Reached XP level 3. HP: 19/20 MP: 1/10
  1762 | D:2      | Learned a level 3 spell: Stone Arrow
  2505 | D:2      | Slain by Robin

Illustrated notes

Levels and vault maps discovered:
D:1:      onia_arrival_zoo_common, layout_rooms, shapermc_ecumenical_altar_gd,
          minmay_distorted
D:2:      layout_basic, serial_forest, infiniplex_forest_straight_5,
          infiniplex_forest_straight_4, infiniplex_forest_straight_2,
          infiniplex_forest_zigzag_2, infiniplex_forest_clump_tiny, uniq_robin

Skill      XL: |  1  2 |
---------------+-------+-----
Fighting       | 1 |  1.8
Dodging        | |  2.4
Stealth        | |  2.4
Spellcasting   | |  3.8
Transmutations | |  1.1
Earth Magic    | |  3.8

Action                   || total
-------------------------++-------
Melee: Unarmed           ||     6
       Falchion          ||    57
 Cast: Sandblast         ||    39
 Stab: Sleeping          ||     2
Armor: Robe              ||    14
Dodge: Dodged            ||    77
       Rpst.: Falchion   ||    19

Table legend: (Time is in decaauts)
 A = Elapsed time spent in this place.
 B = Non-inter-level travel time spent in this place.
 C = Inter-level travel time spent in this place.
 D = Time resting spent in this place.
 E = Time spent auto-exploring this place.
 F = Levels seen in this place.
 G = Mean time per level.
                   A        B        C        D        E       F      G
               +--------+--------+--------+--------+--------+-----+--------+
         Total |   2522 |   2466 |     56 |    499 |   1673 |   2 | 1261.0 |
       Dungeon |   2522 |   2466 |     56 |    499 |   1673 |   2 | 1261.0 |
               +--------+--------+--------+--------+--------+-----+--------+

Top non-repeatable levels by time:
     D:2: 1400 daAuts
     D:1: 1122 daAuts
